Map: Acropolis LE

Players

Djorn - Winner!

  • Race: Protoss Protoss
  • League: Bronze
  • Spawn Location: 5:00

A.I. 1 (Medium)

  • Race: Terran Terran
  • Spawn Location: 11:00

VOD

Have the link to the VOD?

Description

Time

  • Played on: Aug. 24, 2019, 4:27 p.m.
  • Length: 7:25
Show
View Real Time Build Order
Export as new Build Order

Djorn Protoss - Winner!

Build Orders:  

Get SALT Encoding   

  12  0:02  Probe  
  13  0:15  Probe  
  14  0:25  Pylon  
  14  0:27  Probe  
  15  0:39  Probe  
  15  0:48  Probe  
  16  0:51  Gateway  
  17  0:57  Probe  
  17  1:02  Assimilator  
  18  1:09  Probe  
  19  1:21  Probe  
  20  1:48  Pylon  
  20  2:00  Cybernetics Core  
  20  2:07  Pylon  
  20  2:16  Assimilator  
  20  2:21  Warp Gate  
  20  2:25  Gateway  
  20  2:27  Gateway  
  20  2:32  Gateway  
  20  2:38  Pylon  
  20  2:45  Probe  
  21  2:53  Adept  
  21  2:57  Probe  
  24  3:19  Adept  
  24  3:24  Adept  
  24  3:27  Adept  
  30  3:30  Adept  
  32  4:15  Stalker x4  
  24  5:04  Adept x2  
  24  5:06  Zealot x2  
  30  5:47  Zealot  
  30  5:48  Zealot  
  32  5:50  Adept x2  
  36  6:25  Pylon  
  36  6:28  Nexus  
  36  6:43  Adept x4  
  42  7:07  Adept x3  
  42  7:08  Adept  
Show
View Real Time Build Order
Export as new Build Order

A.I. 1 (Medium) Terran 

Build Orders:  

Get SALT Encoding   

  12  0:00  SCV  
  13  0:13  SCV  
  14  0:18  Supply Depot  
  14  0:25  SCV  
  15  0:40  SCV  
  15  0:42  Barracks  
  16  0:47  Refinery  
  16  0:52  SCV  
  17  1:04  SCV  
  18  1:16  Supply Depot  
  18  1:30  Marine  
  18  1:32  Orbital Command, Barracks  
  19  1:42  Refinery  
  19  1:49  Barracks Tech Lab  
  19  2:07  Marine  
  20  2:09  Supply Depot  
  20  2:18  Marine  
  21  2:27  Marauder  
  21  2:29  SCV  
  24  2:36  Marine  
  25  2:41  SCV  
  25  2:43  Supply Depot  
  26  2:48  Marine  
  27  2:52  Engineering Bay  
  27  2:53  SCV  
  27  2:54  Marine  
  30  3:05  SCV  
  30  3:06  Marauder  
  32  3:17  SCV  
  33  3:28  Marauder  
  33  3:29  SCV  
  36  4:30  Marine  
  37  4:37  Marine  
  32  4:48  Marine  
  30  4:55  Marine  
  30  5:04  SCV  
  30  5:05  Marine  
  30  5:06  Factory  
  32  5:08  Factory  
  32  5:10  Missile Turret  
  32  5:12  Supply Depot  
  32  5:13  Marine  
  32  5:14  Missile Turret  
  33  5:18  Barracks  
  33  5:24  Marauder  
  33  5:25  Sensor Tower  
  32  5:30  Ghost Academy  
  32  5:31  Barracks Tech Lab  
  27  5:37  SCV  
  25  5:45  Marine  
  25  5:49  Marine, SCV  
  23  6:01  SCV  
  23  6:03  Marauder, Factory Tech Lab  
  24  6:07  Ghost  
  21  6:13  SCV  
  21  6:14  Hellion  
  20  6:21  Hellion  
  16  6:25  SCV  
  16  6:26  Command Center  
  16  6:30  Marine  
  12  6:35  Factory Tech Lab  
  12  6:38  SCV  
  12  6:39  Marine  
  5  6:49  Marine  
  5  6:50  SCV  
  4  7:02  SCV  
Tags
 
League
Bronze
Matchup
PvT
Replay Pack
sc2replays
Spawn Locations
Cross Positions
Add a new tag
Caveats
  • Supply blocks, unpowered buildings, or Contaminate may cause inaccurate times.
  • Supply counts are checked every 10 seconds.